 Dungeon Crawl Stone Soup version 0.16-a0-3389-g45633df (webtiles) character file.

6287 4tharraofdagon the Cleaver (level 10, -3/105 (112) HPs)
             Began as an Octopode Berserker on Dec 30, 2014.
             Was a High Priest of Trog.
             Killed from afar by an orc wizard (6 damage)
             ... with a magic dart
             ... on level 10 of the Dungeon.
             The game lasted 00:32:21 (4757 turns).

4tharraofdagon the Cleaver (Octopode Berserker)     Turns: 4757, Time: 00:32:21

HP:   -3/105 (112)  AC:  2    Str: 27    XL:     10   Next: 94%
MP:   0/27          EV: 14    Int: 10    God:    Trog [*****.]
Gold: 539           SH:  0    Dex: 12    Spells: 0 memorised, 9 levels left

rFire  . . .     SeeInvis .     e - +1 war axe
rCold  . . .     Clarity  .     (no shield)
rNeg   . . .     SustAb   .     (helmet restricted)
rPois  .         Gourm    .     d - amulet of guardian spirit
rElec  .         Spirit   +     r - ring of magical power (curse)
rCorr  .         Warding  .     Y - ring "Khuam" {MR+ Str+3}
rMut   .         Stasis   .     (no ring)
MR     +++..                    (no ring)
Stlth  ..........               (no ring)
                                (no ring)
                                (no ring)
                                (no ring)

@: berserking, lethally poisoned, regenerating, slowed, extremely resistant to
hostile enchantments, extremely unstealthy
A: almost no armour, amphibious, 8 rings, constrict 8, antennae 2, rugged brown
scales 1, camouflage 1, deformed body, gelatinous body 1
a: Burn Spellbooks, Berserk, Trog's Hand, Brothers in Arms, Renounce Religion


You were on level 10 of the Dungeon.
You worshipped Trog.
Trog was extremely pleased with you.
You were not hungry.

You visited 1 branch of the dungeon, and saw 10 of its levels.
You also visited: Ossuary.

You collected 539 gold pieces.

Inventory:

Hand weapons
 a - a +0 hand axe
 e - a +1 war axe (weapon)
 m - a +0 war axe
 x - a cursed +2 hand axe
 S - a +0 glaive
Missiles
 f - 6 tomahawks of returning (quivered)
 E - 8 steel javelins
Armour
 j - a +0 shield
 w - a shadow dragon hide
 A - the cursed -1 pair of boots of the Bagpipe {Str+2 Int-3, unknown}
   (You found it on level 6 of the Dungeon)

   It affects your strength (+2).
   It affects your intelligence (-3).
   It has a curse placed upon it.
Magical staves
 p - an uncursed staff of conjuration {unknown}
Jewellery
 d - an amulet of guardian spirit (around mantle)
 r - a cursed ring of magical power (left tentacle)
 y - a cursed amulet of clarity
 C - an uncursed ring of wizardry
 Q - the ring of the Jackalope {rF- rN+ MP+9 Str-1}
   (You found it on level 8 of the Dungeon)

   [ring of magical power]

   It affects your strength (-1).
   It makes you vulnerable to fire.
   It protects you from negative energy.
   It affects your magic capacity (+9).
 V - an uncursed ring of ice
 Y - the ring "Khuam" (right tentacle) {MR+ Str+3}
   (You found it on level 9 of the Dungeon)

   [ring of strength]

   It affects your strength (+3).
   It affects your resistance to hostile enchantments.
Magical devices
 q - a wand of draining (3)
 B - a wand of heal wounds (3)
 L - a wand of disintegration (7)
 M - a wand of heal wounds (1)
 T - a wand of confusion (18)
Scrolls
 g - 3 scrolls of teleportation
 n - 8 scrolls of remove curse
 o - 2 scrolls of blinking
 u - a scroll of fear
 H - 2 scrolls of brand weapon {unknown}
 I - a scroll of enchant armour {unknown}
 K - 3 scrolls of random uselessness {unknown}
 W - a scroll of amnesia {unknown}
 Z - a scroll of enchant weapon
Potions
 b - 2 potions of might
 h - 4 potions of curing
 k - a potion of restore abilities
 l - 4 potions of heal wounds
 t - 2 potions of ambrosia
 z - a potion of haste
 D - a potion of brilliance
 J - a potion of cancellation
 N - a potion of lignification {unknown}
 P - a potion of berserk rage {unknown}
 U - a potion of decay
Books
 F - a book of Conjurations

   Spells                             Type                      Level
   a - Magic Dart                     Conjuration                  1
   b - Searing Ray                    Conjuration                  2
   c - Dazzling Spray                 Conjuration/Hexes            3
   d - Fulminant Prism                Conjuration/Hexes            4
   e - Iskenderun's Mystic Blast      Conjuration                  4
   f - Iskenderun's Battlesphere      Conjuration/Charms           5
   Trog disapproves of the use of such an item.
Miscellaneous
 X - a plain deck of wonders
Comestibles
 c - 11 bread rations
 i - 10 meat rations
 s - a royal jelly
 v - a beef jerky
 O - a slice of pizza
 R - a chunk of flesh


   Skills:
 + Level 8.9 Fighting
 * Level 12.1 Axes
 - Level 6.0 Dodging
 + Level 5.3 Evocations


You had 9 spell levels left.
You didn't know any spells.

Dungeon Overview and Level Annotations

Branches:
Dungeon (10/15)              Lair (0/8) D:9             Orc (0/4) D:10
 Temple: D:4-7

Altars:
Dithmenos
Ru
Zin
Beogh

Annotations:
D:8 runed door


Innate Abilities, Weirdness & Mutations

You cannot wear most types of armour.
You are amphibious.
You can wear up to eight rings at the same time.
You can use your tentacles to constrict many enemies at once.
Your skin changes colour to match your surroundings (Stealth).
Your rubbery body absorbs attacks (AC +1).
You have a pair of antennae on your head.
You are partially covered in rugged brown scales (AC +1, +3% HP).
Your body is misshapen.


Message History

Unknown command.
You slash the troll!
You feel the power of Trog in you as your rage grows.
You kill the troll!
Trog accepts your kill.
You slash the orc!
You feel the power of Trog in you as your rage grows.
You kill the orc!
Trog accepts your kill.
You barely miss the orc wizard.
The orc wizard casts a spell.
The orc wizard blinks!
Unknown command.
Unknown command.
Unknown command.
Unknown command.
You feel sick.
The orc wizard points at you and mumbles some strange words.
The magic dart hits you!
You die...

... .. ..$ ...
###'##....
.##+#..........
....<..........
#...o..........
+.....).ยง......'
#.....)........#
##+##.o@..#+####
+.....+
#.....##+##
###'#.....# ###+#
+.'.....# ......
#.#.....+ ......
#.#.....# .###+#
#.#.....#+## #
#.##+#.....# +


You could see 2 orc wizards.

Vanquished Creatures
  Pikel (D:8)
  The ghost of Furman the Destroyer, an experienced TeCj (D:7)
  A gargoyle (D:10)
  A fire drake (D:9)
  The ghost of archlich the Vexing, an experienced DsEn (Ossuary)
  3 trolls
  A spriggan (D:7)
  Eustachio (D:6)
  A deep elf mage (D:9)
  Grum (D:9)
  2 wolves (D:9)
  The ghost of wojtek the Cutter, an average KoBe of Trog (D:3)
  2 orc warriors
  A water moccasin (D:10)
  An ice beast (D:5)
  2 ogres
  2 slaves (D:8)
  An eye of draining (D:9)
  2 necrophages
  A sky beast (D:5)
  A big kobold (D:9)
  4 giant frogs
  A gnoll sergeant (D:6)
  2 scorpions
  5 killer bees (D:7)
  5 wights (D:7)
  A crimson imp (D:8)
  A giant frog skeleton (D:5)
  2 hounds
  2 centaur zombies (D:6)
  A centaur skeleton (D:6)
  A jelly (D:8)
  5 orc priests
  2 worker ants (D:4)
  2 iguanas
  9 orc wizards
  3 mummies (Ossuary)
  A hound skeleton (D:7)
  2 worker ant zombies (D:6)
  6 gnolls
  A shadow imp (D:5)
  7 adders
  A giant mite (D:3)
  A worm (D:3)
  An adder zombie (Ossuary)
  An adder skeleton (D:4)
  An ooze (D:4)
  54 orcs
  A ball python (D:6)
  10 bats
  2 bat zombies
  7 hobgoblins
  3 quokkas
  4 giant cockroaches
  A giant gecko (D:8)
  5 giant newts
  3 gnoll zombies (Ossuary)
  14 goblins
  2 goblin zombies (Ossuary)
  5 hobgoblin zombies (Ossuary)
  2 jackals (D:3)
  16 kobolds
  2 kobold zombies (Ossuary)
  An orc zombie (Ossuary)
  5 quokka zombies
  16 rats
249 creatures vanquished.

Notes
Turn   | Place    | Note
--------------------------------------------------------------
     0 | D:1      | 4tharraofdagon, the Octopode Berserker, began the quest for the Orb.
     0 | D:1      | Reached XP level 1. HP: 16/16 MP: 1/1
     6 | D:1      | Noticed a formicid zombie
     7 | D:1      | Noticed a merfolk zombie
    12 | D:1      | Noticed a draconian zombie
    14 | D:1      | Noticed a draconian zombie
    14 | D:1      | Noticed a merfolk zombie
    16 | D:1      | Noticed a merfolk zombie
    16 | D:1      | Noticed a draconian zombie
    18 | D:1      | Noticed a human zombie
    59 | D:3      | Noticed wojtek's ghost (average KoBe)
   102 | D:4      | Noticed an ogre
   109 | D:4      | Reached XP level 2. HP: 21/21 MP: 2/2
   114 | D:4      | Killed an ogre
   114 | D:4      | Reached skill level 4 in Axes
   114 | D:4      | Reached XP level 3. HP: 7/27 MP: 3/3
   114 | D:4      | Reached XP level 4. HP: 8/33 MP: 4/4
   232 | D:5      | Entered Level 5 of the Dungeon
   263 | D:5      | Noticed an ice beast
   279 | D:5      | Killed an ice beast
   279 | D:5      | Reached skill level 5 in Axes
   279 | D:5      | Reached XP level 5. HP: 32/37 MP: 5/5
   363 | D:5      | Acquired Trog's second power
  1058 | D:2      | Reached XP level 6. HP: 44/44 MP: 6/6
  1137 | D:2      | Found a sacrificial altar of Ru.
  1310 | D:3      | Reached skill level 6 in Axes
  1458 | D:3      | Noticed an orc wizard
  1465 | D:3      | Killed an orc wizard
  1501 | D:3      | Noticed a giant frog
  1506 | D:3      | Killed a giant frog
  1560 | D:3      | Killed wojtek's ghost
  1560 | D:3      | Reached skill level 5 in Fighting
  1560 | D:3      | Reached XP level 7. HP: 50/50 MP: 7/7
  1669 | D:4      | Noticed an orc priest
  1674 | D:4      | Killed an orc priest
  1674 | D:4      | Reached skill level 7 in Axes
  1677 | D:4      | Noticed a worker ant
  1679 | D:4      | Killed a worker ant
  1735 | D:4      | Acquired Trog's third power
  1775 | D:4      | Noticed a worker ant
  1784 | D:4      | Killed a worker ant
  2032 | D:5      | Noticed a sky beast
  2042 | D:5      | Killed a sky beast
  2047 | D:5      | Gained mutation: Your body is misshapen. [mutagenic meat]
  2048 | D:5      | Gained mutation: You have a pair of small antennae on your head. [mutagenic meat]
  2131 | D:6      | Noticed Eustachio
  2138 | D:6      | Killed Eustachio
  2138 | D:6      | Reached XP level 8. HP: 57/57 MP: 8/8
  2175 | D:6      | Got a pair of transparent boots
  2201 | D:6      | Reached skill level 8 in Axes
  2232 | D:6      | HP: 1/57 [worker ant zombie (5)]
  2742 | D:5      | Noticed an ice beast
  2830 | D:7      | Noticed Furman's ghost (experienced TeCj)
  2846 | D:7      | Killed Furman's ghost
  2846 | D:7      | Reached skill level 9 in Axes
  2846 | D:7      | Reached XP level 9. HP: 63/63 MP: 9/9
  2919 | D:7      | Reached skill level 5 in Dodging
  3130 | D:7      | Reached skill level 10 in Axes
  3394 | D:8      | Found a sand-covered staircase.
  3399 | Ossuary  | Entered an ossuary
  3399 | Ossuary  | Noticed archlich's ghost (experienced DsEn)
  3408 | Ossuary  | Killed archlich's ghost
  3562 | D:8      | Gained mutation: You have a pair of antennae on your head. [potion of mutation]
  3562 | D:8      | Gained mutation: You are partially covered in rugged brown scales (AC +1, +3% HP). [potion of mutation]
  3566 | D:8      | Found a shadowy altar of Dithmenos.
  3569 | D:8      | Found a glowing silver altar of Zin.
  3796 | D:8      | Found a runed door.
  3829 | D:8      | Reached skill level 1 in Evocations
  3867 | D:8      | Found a roughly hewn altar of Beogh.
  3921 | D:8      | Reached XP level 10. HP: 69/69 MP: 13/13
  3979 | D:8      | Noticed Pikel
  3985 | D:8      | Killed Pikel
  3985 | D:8      | Reached skill level 11 in Axes
  4016 | D:8      | Got a flickering lead ring
  4023 | D:8      | Identified the ring of the Jackalope {rF- rN+ MP+9 Str-1} (You found it on level 8 of the Dungeon)
  4078 | D:9      | Found a staircase to the Lair.
  4443 | D:9      | Noticed Grum
  4453 | D:9      | Killed Grum
  4529 | D:9      | Got a smoking bone ring
  4530 | D:9      | Identified the ring "Khuam" {MR+ Str+3} (You found it on level 9 of the Dungeon)
  4623 | D:10     | Entered Level 10 of the Dungeon
  4674 | D:10     | Reached skill level 12 in Axes
  4674 | D:10     | Reached skill level 5 in Evocations
  4719 | D:10     | Found a staircase to the Orcish Mines.
  4755 | D:10     | HP: 2/105 [troll (6)]
  4757 | D:10     | Killed from afar by an orc wizard

Action                   |  1- 3 |  4- 6 |  7- 9 | 10-12 || total
-------------------------+-------+-------+-------+-------++-------
Melee: Hand axe          |    14 |     2 |     2 |       ||    18
       War axe           |       |    84 |   238 |    99 ||   421
Invok: Berserk           |     2 |     3 |    10 |     7 ||    22
       Trog's Hand       |       |     1 |     9 |     5 ||    15
  Use: Potion            |       |     2 |     8 |       ||    10
       Scroll            |       |       |    12 |     2 ||    14
 Stab: Sleeping          |     1 |     6 |     9 |     1 ||    17
       Invisible         |       |     2 |       |       ||     2
  Eat: Chunk             |       |     5 |    19 |    11 ||    35
       Pizza             |       |     1 |     2 |       ||     3

Vault maps used:
D:1:      shiori_arrival_whats_in_store_for_you
D:2:      nicolae_ru_the_path_less_chosen
D:5:      first_bread
D:6:      temple_fountains, serial_undead, serial_undead_d, serial_undead_a,
          serial_undead_c, serial_undead_c, serial_shops,
          nicolae_shop_behind_doors, uniq_blork_the_orc, uniq_eustachio
D:7:      kennysheep_flooded_box, the_bakery, eino_tiny_chamber
D:8:      overflow_temple_1_default, basic_altar, enter_ossuary_2,
          lightli_church_of_beogh, uniq_pikel
D:9:      minmay_lair_entry_lava, uniq_grum
D:10:     orc_0_dummy, serial_shops, shop, tgw_kikubaaqudgha
Ossuary:  ossuary_minmay_chase
